 Dungeon Crawl Stone Soup version 0.29-a0-341-g24ffce5b50 (webtiles) character file.

Game seed: 1630242502385710956

68 Hubjo the Sneak (level 4, -1/28 HPs)
             Began as a Deep Elf Monk on Apr 20, 2022.
             Slain by an adder (3 damage)
             ... on level 2 of the Dungeon.
             The game lasted 00:03:06 (2206 turns).

Hubjo the Sneak (Deep Elf Monk)                     Turns: 2206, Time: 00:03:07

Health: -1/28      AC:  2    Str:  5 (8)  XL:     4   Next: 1%
Magic:  9/9        EV: 13    Int: 16 (17) God:
Gold:   69         SH:  0    Dex: 16 (17) Spells: 7/7 levels left

rFire   . . .      SeeInvis .   a - +0 short sword
rCold   . . .      Faith    .   (no shield)
rNeg    . . .      Spirit   .   b - +0 robe
rPois   .          Reflect  .   (no helmet)
rElec   .          Harm     .   (no cloak)
rCorr   .          Rampage  .   (no gloves)
Will    .....                   (no boots)
Stlth   +++.......              (no amulet)
HPRegen 0.09/turn               (no ring)
MPRegen 0.11/turn               (no ring)

@: lethally poisoned (-1 -> -5), about to teleport
A: no striking features
a: no special abilities


You were on level 2 of the Dungeon.
You visited 1 branch of the dungeon, and saw 2 of its levels.

You collected 69 gold pieces.

Inventory:

Hand Weapons
 a - a +0 short sword (weapon)
Missiles
 d - 5 poisoned darts (quivered)
Armour
 b - a +0 robe (worn)
Scrolls
 f - a scroll of teleportation
Potions
 e - a potion of degeneration


   Skills:
 + Level 3.1 Fighting
 - Level 3.0 Short Blades
 - Level 3.6 Dodging
 * Level 4.1 Stealth
 + Level 2.0 Spellcasting


You had 7 spell levels left.
You didn't know any spells.
Your spell library contained the following spells:

 Spells                   Type           Power      Damage    Failure   Level
 Beastly Appendage        Tmut           2%         N/A       21%         1
 Wereblood                Tmut           1%         N/A       30%         2
 Spider Form              Tmut/Pois      1%         N/A       52%         3


Dungeon Overview and Level Annotations

Branches:
Dungeon (2/15)

Altars:


Message History

You closely miss the adder.
The adder is severely wounded.
You feel sick. The adder closely misses you. The adder bites you.
You barely miss the adder.
The adder is severely wounded.
You feel sick. The adder misses you.
You miss the adder.
The adder is severely wounded.
You feel sick.
You are no longer poisoned.
The adder bites you.
You are poisoned.
The adder poisons you!
You hit the adder.
The adder is severely wounded.
You feel sick. The adder bites you.
You hit the adder.
The adder is almost dead.
You feel sick. The adder completely misses you. The adder bites you.
You are more poisoned.
The adder poisons you!
You hit the adder but do no damage.
The adder is almost dead.
You feel sick. The adder bites you.
* * * LOW HITPOINT WARNING * * *
You are lethally poisoned!
The adder poisons you!
You closely miss the adder.
The adder is almost dead.
* * * LOW HITPOINT WARNING * * *
You feel sick. The adder bites you but does no damage.
You closely miss the adder.
The adder is almost dead.
* * * LOW HITPOINT WARNING * * *
You feel sick. The adder barely misses you.
As you read the scroll labelled TIPTETOFEU, it crumbles to dust.
You feel strangely unstable.
It was a scroll of teleportation.
* * * LOW HITPOINT WARNING * * *
You feel sick. The adder bites you.
You die...

#..............#
#...........!..#
...............#
........†......+
...............# ##
.>.............# ..
...............####.#
..........♣.♣.......#
.........♣.♣†♣..@S?.#
..........♣_♣.......#
........♣.♣.♣......#
#......♣?♣.......#
...........####.#
#####....### .# #....
# #....


You could see an adder.

Vanquished Creatures
  2 adders
  2 worms
  2 dart slugs (D:1)
  4 endoplasms (D:1)
  A giant cockroach (D:1)
  A hobgoblin (D:2)
  3 quokkas
  5 ball pythons (D:1)
  7 bats (D:1)
  4 frilled lizards
  4 goblins (D:1)
  2 kobolds (D:1)
  6 rats (D:1)
43 creatures vanquished.

Notes
Turn   | Place    | Note
-------+----------+-------------------------------------------
     0 | D:1      | Hubjo the Deep Elf Monk began the quest for the Orb.
     0 | D:1      | Reached XP level 1. HP: 13/13 MP: 3/3
   211 | D:1      | Reached XP level 2. HP: 14/18 MP: 5/5
   217 | D:1      | Reached skill level 3 in Stealth
   233 | D:1      | Reached skill level 1 in Spellcasting
   747 | D:1      | Reached XP level 3. HP: 22/22 MP: 7/7
  2163 | D:2      | Found a faded altar of an unknown god.
  2172 | D:2      | Reached skill level 4 in Stealth
  2177 | D:2      | Reached XP level 4. HP: 27/28 MP: 7/9
  2206 | D:2      | Slain by an adder

Illustrated notes

Levels and vault maps discovered:
D:1:      erik_arrival_cave_to_civilisation [erik_arrival_cave_to_hall],
          layout_basic, serial_glass, glass_columns_a, glass_columns_a,
          minmay_pentomino_v2
D:2:      layout_basic, basic_altar, chequers_ecumenical_altar_simple_redux,
          uniq_sigmund

Skill      XL: |  1  2  3 |
---------------+----------+-----
Stealth        | 3 4 |  4.1
Spellcasting   | 1 2 |  2.0
Fighting       | 3 |  3.1
Short Blades   | |  3.0
Dodging        | |  3.6

Action                   |  1- 3 |  4- 6 || total
-------------------------+-------+-------++-------
Melee: Short sword       |   128 |    11 ||   139
Throw: Dart              |     1 |       ||     1
  Use: Potion            |     5 |       ||     5
       Scroll            |     2 |     1 ||     3
 Stab: Sleeping          |     9 |       ||     9
Armor: Robe              |    21 |     2 ||    23
Dodge: Dodged            |    95 |     5 ||   100

Table legend: (Time is in decaauts)
 A = Elapsed time spent in this place.
 B = Non-inter-level travel time spent in this place.
 C = Inter-level travel time spent in this place.
 D = Time resting spent in this place.
 E = Time spent auto-exploring this place.
 F = Levels seen in this place.
 G = Mean time per level.
                   A        B        C        D        E       F      G
               +--------+--------+--------+--------+--------+-----+--------+
         Total |   2200 |   2048 |    152 |    650 |   1048 |   2 | 1100.0 |
       Dungeon |   2200 |   2048 |    152 |    650 |   1048 |   2 | 1100.0 |
               +--------+--------+--------+--------+--------+-----+--------+

Top non-repeatable levels by time:
     D:1: 2121 daAuts
     D:2: 79 daAuts
